 Seeded DCSS version 0.29-a0-982-gaed3a0c8d8 (webtiles) character file.

Game seed: 8178002711476288257 (custom seed)

41 flotson the Sneak (level 3, -1/29 HPs)
             Began as a Demonspawn Delver on Aug 1, 2022.
             Slain by a gnoll
             ... wielding a +0 flail
              (6 damage)
             ... on level 2 of the Dungeon.
             The game lasted 00:01:35 (465 turns).

flotson the Sneak (Demonspawn Delver)                Turns: 465, Time: 00:01:36

Health: -1/29      AC:  5    Str: 14    XL:     3   Next: 32%
Magic:  3/3        EV:  6    Int: 11    God:
Gold:   22         SH:  0    Dex: 14    Spells: 2/2 levels left

rFire   . . .      SeeInvis .   h - +0 quarterstaff
rCold   . . .      Faith    .   (shield currently unavailable)
rNeg    . . .      Spirit   .   i - +0 ring mail
rPois   .          Reflect  .   (no helmet)
rElec   .          Harm     .   (no cloak)
rCorr   .          Rampage  .   (no gloves)
Will    .....                   (no boots)
Stlth   ++........              (no amulet)
HPRegen 0.09/turn               (no ring)
MPRegen 0.08/turn               (no ring)

@: held
A: demonic magic 1
a: no special abilities


You were on level 2 of the Dungeon.
You visited 1 branch of the dungeon, and saw 4 of its levels.

You collected 22 gold pieces.

Inventory:

Hand Weapons
 h - a +0 quarterstaff (weapon)
Armour
 i - a +0 ring mail (worn)
Wands
 g - a wand of digging (3)
Scrolls
 b - 2 scrolls of enchant weapon {unknown}
 c - a scroll of fog
 d - a scroll of magic mapping
 e - a scroll of fear
Potions
 a - a potion of brilliance {unknown}
 f - a potion of haste
 j - a potion of magic {unknown}


   Skills:
 + Level 3.4 Fighting
 - Level 1.7 Polearms
 + Level 1.1 Armour
 + Level 2.2 Dodging
 - Level 4.5 Stealth
 + Level 1.2 Evocations


You had 2 spell levels left.
You didn't know any spells.
Your spell library was empty.

Dungeon Overview and Level Annotations

Branches:
Dungeon (5/15)
 Temple: D:4-7

Altars:

Annotations:
D:2 Sigmund


Innate Abilities, Weirdness & Mutations

Spells you cast may paralyse adjacent enemies.


Message History

There is an open door here.
The helpless gnoll fails to defend itself.
You hit the gnoll.
The gnoll is moderately wounded.
The gnoll shouts! x2; You hear an angry hiss.
The gnoll hits you but does no damage.
A frilled lizard comes into view.
You sock the gnoll!
The gnoll is almost dead.
The gnoll hits you with a +0 whip!
Unknown command.
You thump the gnoll!
You kill the gnoll!
Your Armour skill increases to level 1!
You have reached level 3!
Your experience leads to an increase in your attributes!
Increase (S)trength, (I)ntelligence, or (D)exterity?
You feel stronger. x2
You hit the gnoll.
The gnoll is moderately wounded.
The gnoll completely misses you. The gnoll misses you.
Nothing quivered!
You barely miss the gnoll.
The gnoll is moderately wounded.
The gnoll closely misses you.
Nothing quivered!
You barely miss the gnoll.
The gnoll is moderately wounded.
The gnoll hits you with a +0 flail!
You sock the gnoll!
The gnoll is almost dead.
The gnoll hits you with a +0 flail!
* * * LOW HITPOINT WARNING * * *
You sock the gnoll!
You kill the gnoll!
The gnoll throws a throwing net.
The throwing net hits you.
You become entangled in the net!
Unknown command.
You struggle against the net.
The gnoll hits you with a +0 flail.
You die...

.#.## ... ... ### ... ..#
#.# #.# #l# #..# #.# #g#
#..# #.# # ## ##@## #..#
#.# ≈≈ ≈≈##...## #..# #.#
#.. #≈#.....## ###..###.#
⌠.@⌠#S#......## #........#
.[)J..+.......###..†.....#
..$...+.>.....'.......##.#
⌠..r#≈#.......###......#.#
#### # # #......##
#...##.#.# #..# #.....##
#..###.#.#


You could see a gnoll and a frilled lizard.

Vanquished Creatures
  2 gnolls (D:2)
  An adder (D:4)
  A dart slug (D:4)
  An orc (D:4)
  3 ball pythons (D:4)
  A giant cockroach (D:4)
  A quokka (D:4)
  A bat (D:2)
11 creatures vanquished.

Notes
Turn   | Place    | Note
-------+----------+-------------------------------------------
     0 | D:5      | flotson the Demonspawn Delver began the quest for the Orb.
     0 | D:5      | Reached XP level 1. HP: 18/18 MP: 1/1
    37 | D:5      | Noticed an iguana
   170 | D:4      | Gained mutation: Spells you cast may paralyse adjacent
                  | enemies. [demonic ancestry]
   170 | D:4      | Reached XP level 2. HP: 20/24 MP: 2/2
   270 | D:4      | Reached skill level 1 in Evocations
   327 | D:2      | Noticed Sigmund
   460 | D:2      | Reached skill level 1 in Armour
   460 | D:2      | Reached XP level 3. HP: 21/29 MP: 3/3
   465 | D:2      | Slain by a gnoll

Illustrated notes

Levels and vault maps discovered:
D:2:      layout_loops_corners, kennysheep_generic_room_5, uniq_sigmund
D:3:      layout_loops_ring, mainiacjoe_overflow_six_doors_small, serial_bayou,
          serial_bayou_pond_b, serial_bayou_lake_a, serial_bayou_pond_c,
          serial_bayou_pond_e, serial_bayou_pond_e, uniq_natasha, uniq_robin,
          uniq_jessica
D:4:      layout_basic, led_sif_pool, hellmonk_ghost_happy_afterlife,
          minmay_curled_crystal
D:5:      layout_layer_cave, makhleb_blood_cavern_becter,
          grunt_dithmenos_smoke_and_mirrors, minmay_temple_entry_steel_oval,
          skrybe_limestone_x

Skill      XL: |  1  2 |
---------------+-------+-----
Dodging        | 2 |  2.2
Evocations     | 1 |  1.2
Armour         | 1 |  1.1
Fighting       | |  3.4
Polearms       | |  1.7
Stealth        | |  4.5

Action                   || total
-------------------------++-------
Melee: Spear             ||    14
       Quarterstaff      ||    19
 Stab: Sleeping          ||     1
Armor: Leather armour    ||     4
       Ring mail         ||     6
Dodge: Dodged            ||    19

Table legend: (Time is in decaauts)
 A = Elapsed time spent in this place.
 B = Non-inter-level travel time spent in this place.
 C = Inter-level travel time spent in this place.
 D = Time resting spent in this place.
 E = Time spent auto-exploring this place.
 F = Levels seen in this place.
 G = Mean time per level.
                   A        B        C        D        E       F      G
               +--------+--------+--------+--------+--------+-----+--------+
         Total |    468 |    456 |     12 |      0 |    318 |   4 |  117.0 |
       Dungeon |    468 |    456 |     12 |      0 |    318 |   4 |  117.0 |
               +--------+--------+--------+--------+--------+-----+--------+

Top non-repeatable levels by time:
     D:4: 265 daAuts
     D:2: 142 daAuts
     D:5: 50 daAuts
     D:3: 10 daAuts
